Map: Ruins of Seras

Players

Protect - Winner!

  • Race: Protoss Protoss

Shamanas

  • Race: Terran Terran

VOD

Have the link to the VOD?

Description

Time

  • Played on: May 1, 2015, 1:43 a.m.
  • Length: 9:54
Show
View Real Time Build Order
Export as new Build Order

Protect Protoss - Winner!

Build Orders: 1 Gate Expand, Phoenix Opening, Phoenix Opening 

Get SALT Encoding   

  12  0:00  Probe  
  13  0:13  Pylon  
  13  0:17  Probe  
  14  0:31  Probe (Chrono Boost)  
  15  0:40  Gateway  
  15  0:41  Probe (Chrono Boost)  
  16  0:48  Probe  
  17  1:01  Probe  
  18  1:12  Nexus  
  18  1:18  Assimilator  
  18  1:20  Probe  
  18  1:25  Assimilator  
  19  1:32  Probe (Chrono Boost)  
  20  1:37  Cybernetics Core  
  20  1:44  Probe (Chrono Boost)  
  21  1:51  Probe (Chrono Boost)  
  22  1:58  Pylon  
  22  2:16  Probe (Chrono Boost)  
  22  2:17  Stargate  
  23  2:27  Probe (Chrono Boost)  
  23  2:28  Probe (Chrono Boost)  
  25  2:36  Mothership Core (Chrono Boost)  
  28  2:37  Probe (Chrono Boost)  
  28  2:40  Stalker  
  30  2:49  Probe (Chrono Boost)  
  31  2:52  Probe (Chrono Boost)  
  31  2:55  Assimilator  
  33  3:02  Probe (Chrono Boost), Phoenix (Chrono Boost)  
  35  3:05  Probe (Chrono Boost)  
  35  3:10  Probe  
  39  3:20  Phoenix (Chrono Boost)  
  39  3:23  Probe  
  39  3:24  Probe, Pylon  
  39  3:26  Warp Gate  
  41  3:36  Probe x2  
  43  3:42  Assimilator  
  43  3:43  Pylon  
  43  3:44  Phoenix (Chrono Boost)  
  45  3:48  Probe x2  
  45  3:53  Robotics Facility  
  47  4:03  Phoenix (Chrono Boost)  
  49  4:16  Probe  
  50  4:18  Probe  
  50  4:22  Gateway  
  50  4:24  Zealot  
  53  4:25  Gateway  
  53  4:26  Phoenix  
  55  4:32  Pylon  
  55  4:51  Phoenix (Chrono Boost)  
  57  4:59  Pylon  
  57  5:01  Pylon  
  57  5:02  Observer, Robotics Bay  
  57  5:03  Probe x2  
  60  5:15  Phoenix  
  60  5:16  Probe  
  60  5:18  Pylon  
  60  5:21  Pylon  
  63  5:29  Probe x2 (Chrono Boost)  
  63  5:34  Pylon  
  63  5:35  Gateway  
  65  5:42  Probe x2 (Chrono Boost)  
  71  5:53  Probe x2 (Chrono Boost)  
  71  5:55  Disruptor (Chrono Boost)  
  73  6:05  Nexus  
  71  6:13  Probe x2  
  71  6:15  Zealot x3  
  77  6:21  Twilight Council  
  77  6:24  Gateway  
  77  6:27  Pylon  
  81  6:36  Disruptor (Chrono Boost)  
  81  6:40  Probe  
  81  6:41  Probe  
  81  6:42  Sentry  
  81  6:43  Zealot x2  
  89  6:49  Gateway  
  89  6:51  Pylon  
  89  6:55  Probe x2 (Chrono Boost)  
  91  7:03  Charge (Chrono Boost)  
  91  7:13  Zealot x3  
  97  7:15  Pylon  
  97  7:17  Probe x2  
  103  7:27  Disruptor (Chrono Boost)  
  101  7:31  Zealot x2  
  101  7:34  Zealot x3  
  101  7:35  Probe x2  
  113  8:00  Zealot  
  113  8:01  Zealot x5  
  129  8:06  Disruptor  
  129  8:11  Disruptor  
  119  8:28  Zealot  
  119  8:29  Zealot x5  
  119  8:30  Probe x2  
  129  8:35  Gateway  
  129  8:36  Gateway  
  129  8:38  Pylon x2  
  129  8:42  Disruptor  
  129  8:48  Disruptor  
  129  8:50  Zealot x4  
  129  8:51  Zealot  
  129  8:53  Disruptor  
  127  9:06  Zealot  
  127  9:07  Probe x3  
  127  9:09  Assimilator  
  118  9:12  Assimilator  
  118  9:16  Gateway  
  112  9:17  Gateway  
  112  9:20  Stargate  
  112  9:22  Gateway  
  112  9:23  Stargate  
  100  9:31  Pylon  
  100  9:33  Zealot x6  
  100  9:34  Probe x2  
Show
View Real Time Build Order
Export as new Build Order

Shamanas Terran 

Build Orders: Cyclone Opening, Mech 

Get SALT Encoding   

  12  0:01  SCV  
  13  0:13  SCV  
  14  0:19  Supply Depot  
  14  0:25  SCV  
  15  0:29  Refinery  
  15  0:41  SCV  
  16  0:46  Barracks  
  16  0:53  SCV  
  17  1:05  SCV  
  18  1:15  Supply Depot  
  18  1:17  SCV  
  19  1:32  Orbital Command  
  19  1:35  Factory  
  19  1:38  Marine  
  20  1:57  Barracks Tech Lab  
  20  2:00  SCV  
  21  2:12  SCV  
  22  2:20  Command Center  
  22  2:25  Barracks Reactor  
  22  2:34  SCV  
  23  2:46  SCV, Refinery  
  24  2:53  Cyclone  
  27  3:00  SCV  
  27  3:01  Marine x2  
  30  3:06  Missile Turret  
  30  3:12  SCV  
  30  3:19  Marine  
  31  3:24  Supply Depot, Missile Turret  
  31  3:25  Supply Depot  
  31  3:31  Cyclone, Marine  
  35  3:34  Orbital Command  
  35  3:39  SCV  
  36  3:50  Marine  
  36  3:51  Marine  
  36  3:52  SCV  
  39  4:04  SCV  
  40  4:13  Marine x2  
  40  4:14  SCV  
  40  4:15  Cyclone  
  40  4:17  SCV  
  47  4:21  Factory  
  47  4:26  Refinery x2  
  47  4:29  SCV  
  47  4:30  SCV  
  47  4:31  Marine x2  
  48  4:51  Marine x2  
  47  4:57  SCV x2  
  47  4:59  Missile Turret  
  49  5:01  Missile Turret  
  49  5:05  Factory Reactor  
  49  5:14  Starport  
  49  5:18  SCV x2  
  51  5:22  Command Center  
  49  5:30  SCV x2  
  49  5:32  Armory  
  51  5:37  Missile Turret  
  50  5:42  SCV  
  50  5:43  SCV, Cyclone  
  50  5:44  Hellion x2  
  50  5:46  Missile Turret  
  59  5:51  Viking  
  59  5:54  Supply Depot  
  59  5:55  SCV  
  62  6:10  Viking  
  61  6:14  SCV  
  61  6:16  SCV  
  61  6:17  Hellion x2  
  67  6:27  Supply Depot  
  67  6:28  Supply Depot  
  67  6:29  Viking  
  69  6:34  Thor  
  69  6:37  Orbital Command  
  69  6:38  SCV  
  69  6:39  SCV  
  77  6:40  Viking  
  79  6:47  Infernal Pre-Igniter  
  79  6:50  Terran Vehicle and Ship Weapons Level 1  
  79  6:51  SCV  
  80  6:56  SCV  
  80  6:58  Hellbat x2  
  85  7:06  Orbital Command  
  85  7:18  Missile Turret  
  85  7:21  Thor, Viking x2  
  95  7:22  Missile Turret  
  95  7:25  Missile Turret  
  93  7:32  SCV  
  93  7:33  SCV x2  
  96  7:41  Fusion Core  
  96  7:47  Barracks Tech Lab, Hellbat x2  
  96  7:48  SCV  
  101  7:52  Ghost Academy  
  101  8:05  Supply Depot  
  101  8:07  Supply Depot, Refinery  
  101  8:08  Supply Depot  
  101  8:09  Refinery  
  101  8:23  SCV  
  101  8:26  Siege Tank, Hellbat x2  
  89  8:36  SCV x3  
  89  8:37  Ghost  
  94  8:47  Factory  
  94  8:48  SCV x3, Factory  
  95  8:50  Factory  
  95  8:53  Hellbat x2  
  80  9:12  Ghost  
  77  9:21  Hellbat x2  
  77  9:23  SCV  
  77  9:24  SCV x2  
  55  9:36  SCV x3  
  64  9:50  Factory x2  
  64  9:51  Factory  
Tags
 
Add a new tag
Caveats
  • Supply blocks, unpowered buildings, or Contaminate may cause inaccurate times.
  • Supply counts are checked every 10 seconds.